AoeStats
← [KD] Penny13_VO

Arabia

506363479Analyzed
1v1 RM · 18d ago on Sep 13, 2026· 28m 57s· 2 players
Game mode
Random Map
Map size
Tiny (2 player)
Population
200
Speed
Normal
Resources
Standard
Victory
Conquest
Starting age
Dark Age
Ending age
Imperial Age
RankedLock teamsTeams togetherTeam positionsShared explorationLock speedFull tech treeHidden civsTurbo modeCheats
Victory
Defeat
🇩🇪 Aztecs · Germany
1861
+14
🇳🇱 Koreans · Netherlands
1822
-14
[KD] Penny13_VO
5:50 Loom
8:31 Feudal Age
9:18 Double-Bit Axe
11:52 Horse Collar
14:35 Fletching
21:11 Castle Age
21:16 Crossbowman
22:16 Bow Saw
22:08 Bodkin Arrow
24:26 Town Watch
27:30 Sanctity
LukeTheHunter
6:17 Loom
8:52 Feudal Age
9:22 Double-Bit Axe
12:24 Padded Archer Armor
18:21 Castle Age
17:20 Gold Mining
17:25 Arson
18:56 Forging
18:57 Scale Mail Armor
18:29 Eagle Warrior
21:23 Chain Mail Armor
22:16 Squires
27:37 Sanctity
28:02 Redemption
Connection lost

Rejoining the realm…

Still unreachable

The connection could not be restored.

Session expired

The server has moved on; the page needs a fresh start.